AoeStats
← Jihad Herbie

Arabia

510413961Analyzed
1v1 RM · 3d ago on Sep 30, 2026· 20m 49s· 2 players
Game mode
Random Map
Map size
Tiny (2 player)
Population
200
Speed
Normal
Resources
Standard
Victory
Conquest
Starting age
Dark Age
Ending age
Imperial Age
RankedLock teamsTeams togetherTeam positionsShared explorationLock speedFull tech treeHidden civsTurbo modeCheats
Victory
Defeat
🇪🇸 Mongols · Spain
1017
+15
🇦🇺 Vietnamese · Australia
1000
-45
Jihad Herbie
11:13 Feudal Age
12:19 Double-Bit Axe
13:15 Horse Collar
Macbein
4:40 Loom
10:46 Feudal Age
16:36 Castle Age
14:41 Horse Collar
18:09 Scale Barding Armor
19:29 Forging
Connection lost

Rejoining the realm…

Still unreachable

The connection could not be restored.

Session expired

The server has moved on; the page needs a fresh start.